 Dungeon Crawl Stone Soup version 0.18-a0-1343-g48c8f86 (webtiles) character file.

185 M4edhros the Insei (level 5, -12/41 HPs)
             Began as a Mummy Monk on Feb 16, 2016.
             Killed from afar by an orc wizard (13 damage)
             ... with a puff of flame
             ... on level 3 of the Dungeon.
             The game lasted 00:05:55 (4412 turns).

M4edhros the Insei (Mummy Monk)                     Turns: 4412, Time: 00:05:56

Health: -12/41     AC:  1    Str: 15    XL:     5   Next: 37%
Magic:  5/5        EV: 13    Int:  9    God:
Gold:   83         SH:  0    Dex: 18    Spells: 0 memorised, 4 levels left

rFire  x . .     SeeInvis .       - Unarmed
rCold  + + .     Gourm    .     (no armour)
rNeg   + + +     Faith    .     (no shield)
rPois  ∞         Spirit   .     j - +0 helmet
rElec  .         Dismiss  .     (no cloak)
rCorr  .         Reflect  .     (no gloves)
SustAt .         Harm     .     (no boots)
MR     .....                    (no amulet)
Stlth  +++.......               i - +3 ring of dexterity
                                b - ring of protection from cold

@: not resistant to hostile enchantments, fairly stealthy
A: no food or potions, fire vulnerability, cold resistance 1, negative energy
resistance 3, torment resistance, unbreathing
a: no special abilities


You were on level 3 of the Dungeon.
You were not hungry.

You visited 1 branch of the dungeon, and saw 3 of its levels.

You collected 83 gold pieces.

Inventory:

Armour
 j - a +0 helmet (worn)
Jewellery
 b - a ring of protection from cold (left hand)
 f - an uncursed ring of protection from cold
 h - an uncursed amulet of faith {unknown}
 i - a +3 ring of dexterity (right hand)
Scrolls
 c - a scroll of enchant weapon {unknown}
 d - 2 scrolls of teleportation
 g - a scroll of recharging
 k - a scroll of fear
Comestibles
 a - 2 fruits (quivered)


   Skills:
 - Level 3.0 Fighting
 - Level 2.4 Dodging
 + Level 3.4 Stealth
 + Level 4.7 Unarmed Combat


You had 4 spell levels left.
You didn't know any spells.

Dungeon Overview and Level Annotations

Branches:
Dungeon (3/15)

Altars:
Ashenzari
Elyvilon
Gozag
Ru
The Shining One


Innate Abilities, Weirdness & Mutations

You do not eat or drink.
Your flesh is vulnerable to fire.
You are immune to poison.
Your flesh is cold resistant.
You are immune to negative energy.
You are immune to unholy pain and torment.
You can survive without breathing.


Message History

The orc priest hits you with a hand axe.
Something hits you.
You bump into the rock wall.
You hear some strange, mumbled words.
A puff of flame appears from out of thin air!
The puff of flame hits you! The fire burns you terribly!
* * * LOW HITPOINT WARNING * * *
The orc priest hits you with a hand axe.
* * * LOW HITPOINT WARNING * * *
You punch the orc priest!
You kill the orc priest!
You feel less confused.
You hear some strange, mumbled words.
A puff of flame appears from out of thin air!
The puff of flame hits you! The fire burns you terribly!
* * * LOW HITPOINT WARNING * * *
You hear some strange, mumbled words.
A puff of flame appears from out of thin air!
The puff of flame hits you! The fire burns you terribly!
You die...

##...##.# #.#
##)###.### #.# #.#
#...# #.# #.#####.#
#.# #.#.....## #.#
#...#....### #.#
#..###.(...####.#
#.##_##..⌠...##.#
###..##'.....)..@.#
......#..PP..####.#
####.....≈≈..####.#
#.............(###.#
#.............((...#
#.#############.#.#.#
#.# ...... #.#
##.#.#.# #. #.#
...$.......


There were no monsters in sight!

Vanquished Creatures
  An orc priest (D:3)
  A worker ant (D:3)
  4 adders
  An ooze (D:1)
  3 worms
  2 giant geckos (D:1)
  5 orcs
  2 ball pythons
  8 bats
  4 giant cockroaches
  7 goblins
  9 hobgoblins
  5 jackals (D:2)
  2 quokkas (D:2)
  6 giant newts
  11 kobolds
  5 rats
76 creatures vanquished.

Notes
Turn   | Place    | Note
--------------------------------------------------------------
     0 | D:1      | M4edhros the Mummy Monk began the quest for the Orb.
     0 | D:1      | Reached XP level 1. HP: 18/18 MP: 1/1
   459 | D:1      | Reached XP level 2. HP: 5/24 MP: 2/2
  1549 | D:1      | Reached XP level 3. HP: 22/29 MP: 3/3
  1864 | D:2      | Reached skill level 4 in Unarmed Combat
  1886 | D:2      | Found a shattered altar of Ashenzari.
  2067 | D:2      | Found an opulent altar of Gozag.
  2076 | D:2      | Reached XP level 4. HP: 27/35 MP: 4/4
  2140 | D:2      | Found a white marble altar of Elyvilon.
  2333 | D:2      | Found a sacrificial altar of Ru.
  3476 | D:3      | Reached XP level 5. HP: 32/41 MP: 5/5
  3847 | D:3      | HP: 1/41 [orc/morningstar (11)]
  4372 | D:3      | Found a glowing golden altar of the Shining One.
  4410 | D:3      | HP: 1/41 [something/puff of flame (6)]
  4412 | D:3      | Killed from afar by an orc wizard

Vault maps used:
D:1:      mrwooster_arrival_statue, hex_tiny
D:2:      nicolae_ru_path_of_blood, elyvilon_altar_1,
          nicolae_overflow_crystal_walls, overflow_temple_1_default
D:3:      tso_oasis_becter, serial_bayou_pond_e, st_stairs_10

Action                   |  1- 3 |  4- 6 || total
-------------------------+-------+-------++-------
Melee: Unarmed           |   167 |   146 ||   313
  Use: Scroll            |       |     3 ||     3
 Stab: Sleeping          |     4 |     4 ||     8
       Distracted        |       |     1 ||     1
